 Dungeon Crawl Stone Soup version 0.31.0-9-g3a7656b989 (webtiles) character file.

Game seed: 2423313615587315804

205 qw the Shooter (level 5, 0/25 HPs)
             Began as a Spriggan Hunter on Feb 2, 2024.
             Slain by Pargi (7 damage)
             ... on level 3 of the Dungeon.
             The game lasted 00:00:04 (1494 turns).

qw the Shooter (Spriggan Hunter)                    Turns: 1494, Time: 00:00:05

Health: 0/25       AC:  2    Str:  7    XL:     5   Next: 52%
Magic:  6/6        EV: 19    Int: 11    God:
Gold:   149        SH:  0    Dex: 20    Spells: 4/4 levels left

rFire   . . .        a - +0 shortbow
rCold   . . .        (shield currently unavailable)
rNeg    . . .        c - +0 robe
rPois   .            (helmet restricted)
rElec   .            (no cloak)
rCorr   .            (gloves unavailable)
SInv    +            (boots unavailable)
Will    .....        (no amulet)
Stlth   ++           (no ring)
HPRegen 0.24/turn    (no ring)
MPRegen 0.10/turn

%: no passive effects
@: very quick
A: very small, no large weapons, unfitting armour, see invisible, speed 3
a: no special abilities


You were on level 3 of the Dungeon.
You visited 1 branch of the dungeon, and saw 3 of its levels.

You collected 149 gold pieces.


Innate Abilities, Weirdness & Mutations

You are very small and have problems with some larger weapons.
You are too small for most types of armour.
You have supernaturally acute eyesight. (SInv)
You cover ground extremely quickly. (Speed+++)


   Skills:
 - Level 1.5 Fighting
 - Level 6.4 Ranged Weapons
 + Level 4.1 Dodging
 - Level 1.5 Stealth


You had 4 spell levels left.
You didn't know any spells.
Your spell library was empty.

Inventory:

Hand Weapons
 a - a +0 shortbow (weapon)
Armour
 c - a +0 robe (worn)
Potions
 b - a potion of invisibility {unknown}
 d - a potion of haste {unknown}
 e - a potion of attraction {unknown}
 f - a potion of might {unknown}

Dungeon Overview and Level Annotations

Branches:
Dungeon (3/15)

Altars:

Annotations:
D:3 Pargi, Robin


Message History

You shoot an arrow. The arrow hits the hobgoblin.
You kill the hobgoblin!
A goblin comes into view. It is wielding a +0 club.
You shoot an arrow. The arrow barely misses Pargi.
Pargi closely misses you. Pargi completely misses you. Pargi barely misses you.
A goblin comes into view. It is wielding a +4 dagger.
You shoot an arrow. The arrow hits Pargi.
Pargi is lightly wounded.
Pargi bites you. Pargi claws you. x2
You shoot an arrow. The arrow hits Pargi!
Pargi is moderately wounded.
Pargi completely misses you. x2; Pargi misses you.
A goblin comes into view. It is wielding a +0 club.
You shoot an arrow. The arrow closely misses Pargi.
The goblin shouts!
The arrow hits the adder.
The adder is lightly wounded.
Pargi closely misses you. Pargi claws you. Pargi closely misses you.
Robin completely misses you.
A goblin comes into view. It is wielding a +0 dagger.
You shoot an arrow. The arrow hits Pargi!
Pargi is heavily wounded.
Pargi bites you! Pargi closely misses you. Pargi barely misses you.
A hobgoblin comes into view.
You shoot an arrow. The hobgoblin shouts!
The arrow hits Pargi.
Pargi is heavily wounded.
Pargi misses you. x2; Pargi completely misses you.
You shoot an arrow. The arrow hits Pargi.
Pargi is severely wounded.
Pargi bites you. Pargi barely misses you. Pargi closely misses you. x3
Pargi completely misses you.
You shoot an arrow. The arrow hits Pargi.
Pargi is severely wounded.
Robin roars a battlecry!
The goblins go into a battle-frenzy!
A goblin comes into view. It is wielding a +0 dagger.
Pargi bites you!
You die...

#########
#@#.....#
#T#?....#.
#Sg/......
###g....##
..)..#
##.### g#
#


You could see Pargi, Robin, an adder and 2 goblins.

Vanquished Creatures
  Sigmund (D:2)
  An adder (D:2)
  A ribbon worm (D:2)
  3 ball pythons (D:2)
  2 endoplasms (D:1)
  A giant cockroach (D:1)
  5 goblins
  7 hobgoblins
  4 jackals (D:1)
  3 quokkas (D:1)
  3 bats
  5 frilled lizards
  3 rats
39 creatures vanquished.

Notes
Turn   | Place    | Note
-------+----------+-------------------------------------------
     0 | D:1      | qw the Spriggan Hunter began the quest for the Orb.
     0 | D:1      | Reached XP level 1. HP: 10/10 MP: 2/2
     0 | D:1      | 0 ||| qw: Version: 0.3-a-155-g5e7d8dd
     0 | D:1      | 0 ||| qw: Game counter: 1832
     0 | D:1      | 0 ||| qw: Melee chars always use a shield: true
     0 | D:1      | 0 ||| qw: God list: Okawaru
     0 | D:1      | 0 ||| qw: Allow faded altars: false
     0 | D:1      | 0 ||| qw: Do Orc after clearing Dungeon:15 true
     0 | D:1      | 0 ||| qw: Do second Lair branch before Depths: true
     0 | D:1      | 0 ||| qw: Lair rune preference: random
     0 | D:1      | 0 ||| qw: Goals: Normal
     0 | D:1      | 0 ||| PLANNING D:1-11
    85 | D:1      | Reached skill level 3 in Dodging
   327 | D:1      | Reached XP level 2. HP: 14/14 MP: 3/3
   341 | D:1      | 341 ||| DROPPING scroll of butterflies.
   997 | D:1      | 997 ||| READING scroll labelled KAJEFEPNAVVA.
  1076 | D:2      | Reached XP level 3. HP: 18/18 MP: 4/4
  1350 | D:2      | Noticed Sigmund
  1359 | D:2      | Killed Sigmund
  1360 | D:2      | Reached skill level 6 in Ranged Weapons
  1360 | D:2      | Reached XP level 4. HP: 13/22 MP: 5/5
  1360 | D:2      | Reached XP level 5. HP: 14/25 MP: 6/6
  1476 | D:3      | Noticed Pargi
  1477 | D:3      | Noticed Robin
  1478 | D:3      | 1478 ||| RETREEEEATING.
  1481 | D:3      | 1481 ||| RETREEEEATING.
  1484 | D:3      | 1484 ||| RETREEEEATING.
  1494 | D:3      | Slain by Pargi

Levels and vault maps discovered:
D:1:      wheals_arrival_linesprint, layout_basic, minmay_hexomino_f4
D:2:      layout_rooms, st_stairs_9, uniq_sigmund
D:3:      layout_loops_ring, nicolae_ru_awakened_eye,
          hellmonk_ecumenical_altar_watching_god, hangedman_decor_slide_cut,
          uniq_pargi, uniq_robin, uniq_ijyb

Skill      XL: |  1  2  3 |
---------------+----------+-----
Dodging        | 3 4 |  4.1
Ranged Weapons | 6 |  6.4
Fighting       | |  1.5
Stealth        | |  1.5

Action                     |  1- 3 |  4- 6 || total
---------------------------+-------+-------++-------
   Fire: Shortbow          |    86 |    15 ||   101
    Use: Scroll            |     1 |       ||     1
 Armour: Robe              |     9 |     7 ||    16
  Dodge: Dodged            |    32 |    21 ||    53

Table legend:
 A = Non-vault XP
 B = Vault XP
 C = Vault XP percentage of total XP
 D = Non-vault monster count
 E = Vault monster count
 F = Vault count percentage of total count
                 A         B        C        D         E       F
            +---------+---------+-------+---------+---------+-------
      Total |      63 |     230 |  78.5 |      29 |      10 |  25.6
            +---------+---------+-------+---------+---------+-------
        D:1 |      31 |       6 |  16.2 |      18 |       4 |  18.2
        D:2 |      32 |     218 |  87.2 |      11 |       3 |  21.4
        D:3 |       0 |       6 | 100.0 |       0 |       3 | 100.0
            +---------+---------+-------+---------+---------+-------
